 Dungeon Crawl Stone Soup version 0.21.1-1-g345015fe64 (webtiles) character file.

71362 Naru the Warrior (level 15, -7/149 HPs)
             Began as a Hill Orc Monk on June 18, 2018.
             Was the Champion of Beogh.
             Collided with a deep elf knight (18 damage)
             ... caused by a deep elf mage
             ... on level 1 of the Elven Halls.
             The game lasted 01:26:22 (32745 turns).

Naru the Warrior (Hill Orc Monk)                   Turns: 32745, Time: 01:26:22

Health: -7/149     AC: 23    Str: 16    XL:     15   Next: 36%
Magic:  25/25      EV:  7    Int: 14    God:    Beogh [******]
Gold:   1872       SH: 14    Dex: 14    Spells: 14/14 levels left

rFire    + . .     SeeInvis .   D - +2 war axe (elec)
rCold    . . .     Gourm    .   B - +0 large shield
rNeg     . . .     Faith    .   G - +2 chain mail {rF+}
rPois    .         Spirit   .   e - +0 helmet
rElec    .         Reflect  .   X - +0 cloak
rCorr    .         Harm     .   v - +0 pair of gloves
MR       ++...                  C - +0 pair of boots {Fly}
Stlth    ..........             U - amulet of magic regeneration
HPRegen  0.34/turn              Z - +4 ring of protection
MPRegen  0.44/turn              S - ring of protection from magic

@: flying, studying Invocations, drained
A: walk on water
a: Smiting, Recall Orcish Followers, Give Item to Named Follower, Resurrection,
Renounce Religion, Stop Flying


You were on level 1 of the Elven Halls.
You worshipped Beogh.
Beogh was exalted by your worship.
You were not hungry.

You visited 4 branches of the dungeon, and saw 24 of its levels.
You also visited: Ossuary.

You collected 2560 gold pieces.
You spent 688 gold pieces at shops.

Inventory:

Hand Weapons
 D - a +2 war axe of electrocution (weapon)
Missiles
 N - a throwing net (quivered)
Armour
 e - a +0 helmet (worn)
 h - a +1 ring mail of cold resistance
 v - a +0 pair of gloves (worn)
 B - a +0 large shield (worn)
 C - a +0 pair of boots of flying (worn)
 G - a +2 chain mail of fire resistance (worn)
 X - a +0 cloak (worn)
Jewellery
 w - a +3 ring of strength
 L - the ring of Vud Exeypt {*Tele Str+3}
   (You found it on level 10 of the Dungeon)

   [ring of teleportation]

   It may teleport you next to monsters.
   It affects your strength (+3).
 O - an uncursed ring of positive energy
 P - an uncursed ring of fire
 R - an uncursed ring of protection from fire
 S - a ring of protection from magic (right hand)
 U - an amulet of magic regeneration (around neck)
 Z - a +4 ring of protection (left hand)
Wands
 s - a wand of iceblast (16)
 z - a wand of acid (12)
 A - a wand of digging (43)
 F - a wand of paralysis (43)
 J - a wand of scattershot (9)
 K - a wand of flame (62)
Scrolls
 f - 4 scrolls of enchant weapon
 g - a scroll of fog
 i - 8 scrolls of teleportation
 j - 11 scrolls of remove curse
 m - 4 scrolls of blinking
 t - 10 scrolls of amnesia
 x - a scroll of magic mapping
 y - 3 scrolls of fear
 H - 8 scrolls of identify
 I - 4 scrolls of enchant armour
Potions
 a - 4 potions of berserk rage
 b - 4 potions of might
 k - 2 potions of curing
 l - 5 potions of agility
 n - 5 potions of magic
 o - 2 potions of cancellation
 r - 4 potions of brilliance
 E - 7 potions of haste
Books
 q - a book of Battle

   Spells                             Type                      Level
   a - Infusion                       Charms                       1
   b - Shroud of Golubria             Charms/Translocation         2
   c - Song of Slaying                Charms                       2
   d - Spectral Weapon                Hexes/Charms                 3
   e - Regeneration                   Charms/Necromancy            3
 u - a manual of Invocations
 M - a book of Callings

   Spells                             Type                      Level
   a - Summon Small Mammal            Summoning                    1
   b - Call Imp                       Summoning                    2
   c - Call Canine Familiar           Summoning                    3
   d - Summon Guardian Golem          Hexes/Summoning              3
   e - Summon Lightning Spire         Summoning/Air                4
   f - Summon Ice Beast               Ice/Summoning                4
 V - a book of Spatial Translocations

   Spells                             Type                      Level
   a - Blink                          Translocation                2
   b - Shroud of Golubria             Charms/Translocation         2
   c - Lesser Beckoning               Translocation                3
   d - Gell's Gravitas                Translocation                3
   e - Teleport Other                 Translocation                3
   f - Passage of Golubria            Translocation                4
 Y - a book of Power

   Spells                             Type                      Level
   a - Iskenderun's Battlesphere      Conjuration/Charms           5
   b - Venom Bolt                     Conjuration/Poison           5
   c - Bolt of Magma                  Conjuration/Fire/Earth       5
   d - Iron Shot                      Conjuration/Earth            6
   e - Orb of Destruction             Conjuration                  7
   f - Spellforged Servitor           Conjuration/Summoning        7
Miscellaneous
 p - a lamp of fire
 Q - a box of beasts
 T - a phial of floods
Comestibles
 c - 21 rations


   Skills:
 * Level 18.0(17.8) Fighting
 - Level 16.7(16.5) Axes
 + Level 10.8(10.7) Armour
 + Level 7.8(7.7) Dodging
 - Level 1.5(1.4) Stealth
 - Level 5.5(5.4) Shields
 * Level 13.5(13.3) Invocations
 + Level 2.2(2.1) Evocations


You had 14 spell levels left.
You didn't know any spells.

Dungeon Overview and Level Annotations

Branches:
Dungeon (15/15)            Temple (0/1) D:5            Lair (6/6) D:11
  Swamp (0/4) Lair:2       Spider (0/4) Lair:2        Slime (0/5) Lair:6
    Orc (2/2) D:11            Elf (1/3) Orc:2        Vaults (0/5) D:13
 Depths (0/5) D:15

Altars:
Kikubaaqudgha
Makhleb
Ru
Yredelemnul
Jiyva

Shops:
D:8 }*   D:9 (   D:11 !(   Orc:2 =(*[

Portals:
Hell: Lair:6
Trove: D:13 (give 7 scrolls of blinking)

Annotations:
D:5 Dowan, Duvessa


Message History

t - Shout!
Orders for allies: a - Attack new target. r - Retreat! s - Stop attacking. g - Guard the area. f - Follow me.
Anything else - Cancel.
Gang up on whom?
Press: ? - help, Dir - move target cursor, f - deep elf high priest
Aim: a deep elf high priest, wielding a short sword (heavily wounded, aura of brilliance) Attack!
The deep elf high priest barely misses you.
Ugrim hits the deep elf high priest from afar with a +2 trident of flaming!!!
Ugrim burns the deep elf high priest.
The deep elf high priest dies!
Beogh accepts your kill.
Beogh appreciates your killing of a heretic priest.
You block the deep elf knight's attack.
You hear some strange, mumbled words.
The deep elf mage gestures at you while chanting.
The lance of force hits something.
Something collides with you!
You die...

........'....'.....#
.......o#######ooo##
........# #o#o##
.......## ##.##o#
#.....## ##.# #o#
###'### #.####o####
# #.# #.##...)(..# .
.##o#
#.###..e.)).#'...
#.#'####.#
#....@(e.e# #o.o..'#
#......e..# ##o...##
#...........#
#.....#
#......*....#
####)..##
#...........#
oo.....#
##.........##
######## #.........#
##.......##


You could see a deep elf archer, 2 deep elf knights, a deep elf mage, a
battlesphere, the friendly Ugrim the orc warlord, the friendly Zorug the orc
warlord, 3 friendly orc knights, a friendly orc warrior and a friendly orc
wizard.

Vanquished Creatures
  An orc warlord (Orc:2)
  The ghost of
  359359 the Spear-Bearer, a journeyman TeMo of Fedhas (Orc:1)
  A fire dragon (D:10)
  A hydra (D:15)
  6 two-headed ogres
  A centaur warrior (D:14)
  A death knight (D:15)
  2 tengu warriors
  An orc high priest (Orc:2)
  2 unseen horrors
  3 skeletal warriors (D:14)
  2 wizards
  An orc knight (Orc:2)
  6 deep elf magi
  A manticore (Lair:5)
  2 cyclopes
  A black mamba (Lair:5)
  2 elephants
  A smoke demon (Lair:6)
  2 orange demons (Lair:6)
  2 gargoyles (D:10)
  6 spiny frogs
  2 rime drakes (Lair:6)
  2 komodo dragons
  A freezing wraith (D:15)
  A tengu conjurer (D:14)
  A meliai (Lair:5)
  A merfolk (D:15)
  2 trolls
  A hornet (D:12)
  A tyrant leech (Lair:2)
  7 blink frogs
  Grinder (D:5)
  A dream sheep (Lair:6)
  4 hippogriffs
  12 slime creatures
  A meliai zombie (D:15)
  A centaur simulacrum (D:15)
  2 vampires
  A wraith (D:15)
  2 wyverns
  A human (D:8)
  A basilisk (Lair:6)
  25 yaks
  3 hogs (D:8)
  3 hungry ghosts
  4 vampire mosquitoes (D:14)
  The ghost of mezla the Ducker, an amateur GnWn (D:3)
  2 acid dragons
  A hell hound (Lair:6)
  A porcupine (Lair:1)
  2 water moccasins
  A sky beast (D:14)
  10 ice beasts
  A black bear (D:6)
  10 ogres
  4 orc warriors
  A phantom (D:6)
  5 wolves (Lair:2)
  2 centaurs
  4 crocodiles
  Blork the orc (D:5)
  19 bullfrogs
  A scorpion (D:7)
  The ghost of kandryn the Skirmisher, a weakling DrBe of Trog (D:4)
  17 killer bees
  7 wights
  5 crimson imps
  4 hounds
  A jelly (D:13)
  A quasit (D:15)
  3 centaur zombies
  4 bullfrog zombies
  6 orc priests
  10 orc wizards
  5 centaur skeletons
  2 iguanas (D:12)
  7 worker ants
  A hell rat (Lair:5)
  A hound skeleton (D:4)
  2 hound zombies
  3 howler monkey zombies (Ossuary)
  21 mummies (Ossuary)
  3 worker ant zombies (Ossuary)
  11 gnolls
  9 adders
  2 shadow imps
  2 adder skeletons (D:6)
  3 adder zombies
  A dart slug (D:4)
  2 worms
  3 leopard geckos
  12 orcs
  3 bats
  2 giant cockroaches
  5 goblins
  4 hobgoblins (D:1)
  13 jackals
  4 quokkas
  4 frilled lizards
  A jackal zombie (Ossuary)
  15 kobolds
  3 leopard gecko skeletons
  A leopard gecko zombie (Ossuary)
  A quokka skeleton (D:8)
  A quokka zombie (Ossuary)
  6 rats
  2 fungi (Lair:6)
407 creatures vanquished.

Vanquished Creatures (collateral kills)
  2 dire elephants
  Josephine (Lair:4)
  A deep elf high priest (Elf:1)
  9 hydras
  A centaur warrior (D:10)
  Urug (Lair:2)
  An orc high priest (Orc:2)
  A tengu warrior (D:13)
  The ghost of Naru the Cleaver, a novice HOMo of Beogh (D:8)
  A sixfirhy (Lair:6)
  2 skeletal warriors (D:14)
  A lindwurm (Lair:5)
  An orc knight (Orc:2)
  A necromancer (D:13)
  4 ugly things
  4 deep elf magi
  2 manticores
  3 orc sorcerers
  2 cyclopes
  3 slime creatures
  5 elephants (Lair:4)
  5 black mambas
  A torpor snail (Lair:5)
  An orange demon (Lair:6)
  A gargoyle (D:10)
  5 spiny frogs
  A kobold demonologist (D:14)
  3 rime drakes
  5 komodo dragons
  A tengu conjurer (D:15)
  2 polar bears
  2 red devils (Lair:6)
  2 meliai (Lair:5)
  8 blink frogs
  A queen bee (Lair:5)
  2 trolls
  A tyrant leech (Lair:2)
  8 hippogriffs
  3 wyverns
  An air elemental (Elf:1)
  A redback (Lair:2)
  4 wraiths
  14 yaks
  4 basilisks
  A vampire mosquito (D:14)
  4 porcupines
  9 water moccasins
  9 orc warriors
  5 ice beasts (Lair:5)
  3 hell hounds (Lair:6)
  2 sky beasts
  An eye of draining (D:13)
  3 ogres
  A black bear (D:11)
  A necrophage (D:12)
  A centaur (D:8)
  10 crocodiles
  A big kobold (D:9)
  11 bullfrogs
  A wyvern zombie (D:12)
  A water moccasin zombie (D:11)
  17 killer bees (Lair:5)
  2 crimson imps
  3 bullfrog zombies
  A quasit (D:10)
  9 orc wizards
  5 hounds
  A bullfrog skeleton (D:12)
  7 orc priests
  3 jellies
  A gnoll shaman (Orc:2)
  3 centaur skeletons
  3 iguanas
  4 worker ants
  A hell rat (Lair:5)
  A hound skeleton (D:10)
  A gnoll (Orc:2)
  A howler monkey skeleton (D:10)
  A shadow imp (D:8)
  An adder skeleton (D:10)
  14 orcs
  2 kobolds (D:9)
  A quokka (D:9)
  A ball python (D:6)
  12 fungi
282 creatures vanquished.

Vanquished Creatures (others)
  3 orc high priests
  An orc knight (Lair:5)
  2 orc sorcerers (Orc:2)
  20 orc warriors
  A vampire mosquito (D:14)
  16 orc wizards
  12 orc priests
  44 orcs
  7 fungi
  8 plants
  3 withered plants (Ossuary)
117 creatures vanquished.

Grand Total: 806 creatures vanquished

Notes
Turn   | Place    | Note
-------+----------+-------------------------------------------
     0 | D:1      | Naru the Hill Orc Monk began the quest for the Orb.
     0 | D:1      | Reached XP level 1. HP: 19/19 MP: 1/1
   159 | D:1      | Reached XP level 2. HP: 23/27 MP: 2/2
   320 | D:1      | Reached skill level 4 in Fighting
   634 | D:2      | Reached XP level 3. HP: 14/33 MP: 3/3
   968 | D:2      | Reached skill level 5 in Axes
   982 | D:2      | Reached XP level 4. HP: 26/41 MP: 4/4
  1802 | D:3      | Noticed mezla's ghost (amateur GnWn)
  1806 | D:3      | Reached XP level 5. HP: 41/47 MP: 3/5
  1862 | D:3      | Killed mezla's ghost
  1862 | D:3      | Reached skill level 5 in Fighting
  1862 | D:3      | Reached skill level 1 in Armour
  1862 | D:3      | Reached XP level 6. HP: 12/56 MP: 3/6
  2131 | D:3      | Became a worshipper of Beogh the Brigand
  2131 | D:3      | Reached * piety under Beogh
  2131 | D:3      | Reached ** piety under Beogh
  3407 | D:4      | Noticed kandryn's ghost (weakling DrBe)
  3433 | D:4      | Killed kandryn's ghost
  3439 | D:4      | Reached XP level 7. HP: 29/61 MP: 1/7
  4215 | D:5      | Entered Level 5 of the Dungeon
  4328 | D:5      | Noticed Grinder
  4345 | D:5      | Killed Grinder
  4345 | D:5      | Reached skill level 6 in Fighting
  4369 | D:5      | Found a staircase to the Ecumenical Temple.
  4385 | D:5      | Noticed Duvessa
  4387 | D:5      | Noticed Dowan
  4694 | D:5      | Noticed Blork the orc
  4713 | D:5      | Killed Blork the orc
  4713 | D:5      | Reached XP level 8. HP: 55/70 MP: 6/8
  4910 | D:5      | Found a sand-covered staircase.
  4919 | Ossuary  | Entered an ossuary
  5275 | Ossuary  | Reached *** piety under Beogh
  5275 | Ossuary  | Reached skill level 10 in Axes
  5350 | Ossuary  | Reached skill level 7 in Fighting
  6250 | D:6      | Reached skill level 1 in Invocations
  6539 | D:6      | Noticed a hippogriff
  6569 | D:7      | Reached XP level 9. HP: 16/79 MP: 1/10
  7200 | D:6      | Reached **** piety under Beogh
  8118 | D:7      | Reached skill level 8 in Fighting
  8605 | D:8      | Found Odicit's Assorted Antiques.
  8629 | D:8      | Bought 2 scrolls labeled LIAGUN ME TOKI for 60 gold pieces
  8629 | D:8      | Bought a scroll labeled JETYTW XEINOUF for 30 gold pieces
  8878 | D:8      | Noticed Naru's ghost (novice HOMo)
  9226 | D:8      | Killed Naru's ghost
  9226 | D:8      | Reached XP level 10. HP: 68/90 MP: 9/13
  9306 | D:8      | Reached skill level 5 in Armour
  9322 | D:8      | Reached skill level 9 in Fighting
  9523 | D:8      | Found a basalt altar of Yredelemnul.
  9547 | D:8      | Found Anajuz's Gadget Shoppe.
 10057 | D:9      | Reached skill level 5 in Invocations
 10234 | D:9      | Reached ***** piety under Beogh
 10236 | D:9      | Noticed an unseen horror
 10241 | D:9      | Killed an unseen horror
 10529 | D:9      | Found Keutan's Weapon Emporium.
 10534 | D:9      | Bought a +2 war axe of electrocution for 248 gold pieces
 10950 | D:10     | Entered Level 10 of the Dungeon
 10955 | D:10     | Noticed a two-headed ogre
 10966 | D:10     | Killed a two-headed ogre
 10966 | D:10     | Reached XP level 11. HP: 74/99 MP: 10/15
 11157 | D:10     | Noticed a fire dragon
 11159 | D:10     | Noticed an unseen horror
 11161 | D:10     | Noticed a white ugly thing
 11164 | D:10     | Noticed a centaur warrior
 11169 | D:10     | Killed a fire dragon
 11169 | D:10     | Reached skill level 10 in Fighting
 11169 | D:10     | Reached skill level 15 in Axes
 11173 | D:10     | Killed an unseen horror
 11179 | D:10     | Killed a white ugly thing
 11187 | D:10     | Killed a centaur warrior
 11336 | D:10     | Got a flickering copper ring
 11668 | D:10     | Gained Boghold as an ally
 12612 | D:10     | Identified the ring of Vud Exeypt {*Tele Str+3} (You found it on level 10 of the Dungeon)
 12654 | D:11     | Noticed a cyclops
 12656 | D:11     | Found a staircase to the Orcish Mines.
 12665 | D:11     | Killed a cyclops
 12666 | D:11     | Gained Urtork as an ally
 12671 | D:11     | Found Qopiy's Weapon Shoppe.
 12867 | D:11     | Gained Boldo as an ally
 13056 | D:11     | Noticed a red ugly thing
 13064 | D:11     | Killed a red ugly thing
 13237 | D:11     | Found a staircase to the Lair.
 13239 | D:11     | Noticed a cyclops
 13244 | D:11     | Reached skill level 5 in Dodging
 13247 | D:11     | Your ally Boldo died
 13255 | D:11     | Killed a cyclops
 13608 | D:11     | Reached skill level 11 in Fighting
 13624 | D:11     | Found a sacrificial altar of Ru.
 13773 | D:11     | Found Olintul's Distillery.
 14381 | D:12     | Noticed a brown ugly thing
 14382 | D:12     | Reached XP level 12. HP: 79/110 MP: 17/17
 14390 | D:12     | Gained Ugrim as an ally
 14733 | D:12     | Noticed a two-headed ogre
 14738 | D:12     | Killed a two-headed ogre
 15286 | Lair:1   | Entered Level 1 of the Lair of Beasts
 15415 | Lair:1   | Reached ****** piety under Beogh
 15468 | Lair:1   | Noticed an eight-headed hydra
 15470 | Lair:1   | Gained Zorug as an ally
 15472 | Lair:1   | Gained Arkwar as an ally
 15476 | Lair:1   | Reached skill level 1 in Shields
 15477 | Lair:1   | Killed a ten-headed hydra
 15724 | Lair:1   | Reached skill level 12 in Fighting
 16286 | Lair:2   | Noticed Urug
 16295 | Lair:2   | Killed Urug
 16525 | Lair:2   | Noticed an eight-headed hydra
 16531 | Lair:2   | Your ally Urtork died
 16535 | Lair:2   | Killed an eight-headed hydra
 16537 | Lair:2   | Noticed an eight-headed hydra
 16542 | Lair:2   | Killed an eight-headed hydra
 16791 | Lair:2   | Noticed a five-headed hydra
 16795 | Lair:2   | Your ally Arkwar died
 16797 | Lair:2   | Killed a six-headed hydra
 16874 | Lair:2   | Found a staircase to the Swamp.
 17157 | Lair:2   | Found a hole to the Spider Nest.
 17441 | Lair:3   | Reached skill level 13 in Fighting
 17524 | Lair:3   | Reached skill level 1 in Evocations
 17667 | Lair:3   | Reached XP level 13. HP: 106/122 MP: 17/19
 19044 | Lair:4   | Noticed Josephine
 19050 | Lair:4   | Killed Josephine
 19922 | Lair:5   | Found a frozen archway.
 19986 | Lair:5   | Reached skill level 14 in Fighting
 21459 | Lair:5   | Reached skill level 10 in Invocations
 21467 | Lair:5   | Gained Horkud as an ally
 21481 | Lair:5   | Your ally Horkud died
 22279 | Lair:6   | Entered Level 6 of the Lair of Beasts
 22446 | Lair:6   | Reached skill level 5 in Shields
 22454 | Lair:6   | Reached skill level 15 in Fighting
 22712 | Lair:6   | Found a viscous altar of Jiyva.
 22713 | Lair:6   | Found a staircase to the Slime Pits.
 22851 | Lair:6   | Reached XP level 14. HP: 116/135 MP: 21/21
 22944 | Lair:6   | Got a distressingly furry chain mail
 22945 | Lair:6   | Identified the +5 chain mail of Autotheism {*Corrode Int+4 SInv} (You found it on level 6 of the Lair of Beasts)
 23006 | Lair:6   | Found a burning altar of Makhleb.
 23328 | Lair:6   | Found a gateway to Hell.
 23380 | Lair:6   | Noticed a dire elephant
 23386 | Lair:6   | Killed a dire elephant
 23785 | Orc:1    | Entered Level 1 of the Orcish Mines
 23882 | Orc:1    | Noticed 359359's ghost (journeyman TeMo)
 23894 | Orc:1    | Gained Ortolf as an ally
 23916 | Orc:1    | Killed 359359's ghost
 24669 | Orc:2    | Entered Level 2 of the Orcish Mines
 24676 | Orc:1    | Paralysed by an orc sorcerer for 4 turns
 25232 | Orc:2    | Noticed an orc warlord
 25239 | Orc:2    | Gained Berold as an ally
 25247 | Orc:2    | Your ally Berold died
 25616 | Orc:2    | Found a staircase to the Elven Halls.
 26592 | D:13     | Reached skill level 10 in Armour
 26926 | D:13     | Reached skill level 16 in Fighting
 27034 | D:13     | Got a scorched mace
 27042 | D:13     | Identified the +4 mace "Wofacets" {antimagic, +Inv} (You found it on level 13 of the Dungeon)
 27087 | D:13     | Found a portal to a secret trove of treasure.
 27529 | D:13     | Found a gate to the Vaults.
 29024 | D:14     | Gained Gorbash as an ally
 29024 | D:14     | Reached skill level 17 in Fighting
 29304 | D:14     | Gained Syrus as an ally
 29483 | D:15     | Entered Level 15 of the Dungeon
 29505 | D:15     | Reached XP level 15. HP: 82/147 MP: 24/24
 30095 | D:15     | Your ally Syrus died
 30403 | D:15     | Found an ancient bone altar of Kikubaaqudgha.
 30805 | D:15     | Found a staircase to the Depths.
 31665 | Orc:2    | Killed an orc warlord
 31922 | Orc:2    | Found Uqon's Antique Armour Boutique.
 31923 | Orc:2    | Found Petuh's Antique Weapon Boutique.
 31924 | Orc:2    | Found Qesoddy's General Store.
 31924 | Orc:2    | Found Safikij's Jewellery Shop.
 31996 | Orc:2    | Bought an uncursed ring of protection from magic for 350 gold pieces
 32381 | Elf:1    | Entered Level 1 of the Elven Halls
 32405 | Elf:1    | Reached skill level 18 in Fighting
 32737 | Elf:1    | Your ally Boghold died
 32745 | Elf:1    | Collided with a deep elf knight

Skill      XL: |  1  2  3  4  5  6  7  8  9 10 11 12 13 14 15 |
---------------+----------------------------------------------+-----
Fighting       | 4 5 6 7 8 9 11 13 15 17 18 | 18.0
Axes           | 5 6 7 8 9 11 13 14 16 | 16.7
Armour         | 1 2 3 4 5 7 8 9 10 | 10.8
Dodging        | 3 4 5 6 7 |  7.8
Invocations    | 1 4 5 7 9 10 12 13 | 13.5
Shields        | 3 5 |  5.5
Evocations     | 1 2 |  2.2
Stealth        | |  1.5

Action                   |  1- 3 |  4- 6 |  7- 9 | 10-12 | 13-15 || total
-------------------------+-------+-------+-------+-------+-------++-------
Melee: Hand axe          |    76 |   166 |       |       |       ||   242
       War axe           |       |    56 |   461 |   343 |   734 ||  1594
Invok: Convert to Beogh  |       |     1 |       |       |       ||     1
       Recall Orcish Fol |       |       |       |     1 |     4 ||     5
       Stop Recall       |       |       |       |     1 |     4 ||     5
       Give Item to Name |       |       |       |     1 |     2 ||     3
       Resurrection      |       |       |       |       |     1 ||     1
Evoke: Wand              |       |       |       |    11 |     5 ||    16
  Use: Scroll            |       |    12 |    11 |     5 |     7 ||    35
       Potion            |       |     2 |     2 |     1 |     7 ||    12
 Stab: Sleeping          |     4 |       |       |     1 |     1 ||     6
       Distracted        |       |       |       |     5 |     8 ||    13
       Paralysed         |       |       |       |     6 |       ||     6
  Eat: Chunk             |       |     5 |     5 |     5 |     2 ||    17
       Ration            |       |     1 |     4 |     8 |    13 ||    26
Armor: Robe              |    12 |    29 |       |       |       ||    41
       Chain mail        |       |    57 |       |       |    14 ||    71
       Ring mail         |       |     8 |   169 |   108 |   155 ||   440
Dodge: Dodged            |    42 |    97 |   266 |   257 |   522 ||  1184
Block: Buckler           |       |       |       |    17 |   120 ||   137
       Large shield      |       |       |       |       |    25 ||    25
